Map: Fear and Faith LE

Players

SalongPass - Winner!

  • Race: Zerg Zerg

HuShuHong

  • Race: Terran Terran
  • League: Silver

VOD

Have the link to the VOD?

Description

請分析我的完整打法、Macro、Micro、Build Order、資源運用、偵查、決策與關鍵失誤。

Time

  • Played on: Sept. 7, 2026, 6:23 a.m.
  • Length: 10:20
Show
View Real Time Build Order
Export as new Build Order

SalongPass Zerg - Winner!

Build Orders: Hatch First 

Get SALT Encoding   

  8  0:02  Drone  
  9  0:13  Drone  
  10  0:16  Drone  
  11  0:22  Drone  
  12  0:33  Overlord  
  12  0:52  Drone x2  
  14  0:57  Drone  
  15  1:05  Drone  
  16  1:26  Hatchery  
  16  1:28  Drone  
  16  1:29  Drone  
  17  1:42  Spawning Pool  
  17  1:44  Extractor  
  16  1:47  Drone  
  16  1:51  Drone  
  17  1:56  Drone  
  18  2:04  Drone  
  19  2:13  Overlord  
  19  2:31  Queen  
  19  2:33  Zergling x4  
  23  2:38  Queen  
  23  2:41  Drone  
  26  2:48  Metabolic Boost  
  26  2:52  Drone x2  
  26  2:57  Drone  
  29  2:59  Drone  
  30  3:09  Overlord  
  30  3:10  Overlord  
  30  3:20  Queen  
  30  3:25  Overlord  
  32  3:46  Drone x5  
  37  3:48  Hatchery  
  37  3:55  Drone x3  
  38  4:23  Drone x4  
  42  4:25  Drone x3  
  42  4:26  Overlord x4  
  45  4:42  Zergling x6  
  48  4:51  Overlord x3  
  48  4:58  Drone  
  48  4:59  Drone x2  
  51  5:04  Drone x4  
  51  5:06  Drone  
  56  5:16  Extractor  
  51  5:32  Zergling x8  
  51  5:33  Zergling x20  
  51  5:35  Queen x3  
  70  5:47  Spine Crawler  
  70  5:49  Baneling Nest  
  68  5:51  Spore Crawler, Spine Crawler  
  64  6:08  Extractor  
  64  6:09  Zergling x6  
  64  6:10  Zergling x2, Extractor  
  64  6:11  Queen  
  66  6:17  Zergling x2  
  66  6:18  Zergling x6, Spore Crawler  
  71  6:20  Roach Warren  
  70  6:28  Spore Crawler  
  70  6:32  Spine Crawler  
  64  6:52  Baneling x6  
  64  6:53  Baneling x2  
  64  6:58  Extractor  
  63  7:01  Extractor, Drone x3  
  63  7:02  Drone  
  63  7:04  Drone x5  
  47  7:22  Zergling x2  
  47  7:23  Zergling x28  
  61  7:40  Queen x3  
  61  7:43  Baneling x4  
  67  7:49  Spore Crawler  
  66  7:53  Spore Crawler  
  53  8:15  Zergling x6  
  53  8:16  Zergling x10  
  58  8:26  Drone x2  
  60  8:28  Queen x3  
  54  9:04  Pneumatized Carapace, Burrow  
  54  9:46  Zergling x10  
  54  9:47  Zergling x20  
  54  9:50  Hatchery  
Show
View Real Time Build Order
Export as new Build Order

HuShuHong Terran 

Build Orders: 2 Factory 

Get SALT Encoding   

  8  0:01  SCV  
  9  0:13  SCV  
  10  0:25  SCV  
  11  0:34  Supply Depot  
  11  0:37  SCV  
  12  0:47  Refinery  
  12  0:49  SCV  
  13  1:01  SCV  
  14  1:12  Barracks  
  14  1:19  Refinery  
  14  1:30  Supply Depot  
  14  1:48  SCV  
  15  2:13  Bunker  
  15  2:16  Marine  
  15  2:21  Factory  
  16  2:34  Marine  
  17  2:46  Factory  
  17  2:53  SCV  
  18  3:07  Marine  
  19  3:24  Factory Tech Lab  
  19  3:27  SCV  
  20  3:31  Supply Depot  
  19  3:39  Factory Tech Lab  
  18  3:54  Starport  
  17  4:04  Siege Tank  
  20  4:21  Siege Tank  
  23  4:36  Hellion  
  25  4:49  Marine  
  26  4:55  Starport Tech Lab  
  26  5:06  Supply Depot  
  26  5:10  Cyclone  
  29  5:28  Liberator  
  32  5:52  Supply Depot  
  32  5:54  Hellion  
  34  6:11  Liberator  
  37  6:26  Engineering Bay  
  37  6:55  Siege Tank  
  35  7:54  Factory Tech Lab  
  25  8:13  Factory Tech Lab  
  25  8:15  Marine  
  26  8:25  Planetary Fortress  
  29  8:34  Liberator  
  28  9:11  SCV  
  29  9:30  Command Center  
  29  9:34  Fusion Core  
  26  9:43  Command Center  
Tags
 
Add a new tag
Caveats
  • Supply blocks, unpowered buildings, or Contaminate may cause inaccurate times.
  • Supply counts are checked every 10 seconds.